[Event "*** Titled Tuesday Blitz"]
[Site "Chess.com"]
[Date "2018.12.04"]
[Round "7"]
[White "Mykola-Bortnyk"]
[Black "Guenplen"]
[Result "1/2-1/2"]
[WhiteElo "2850"]
[BlackElo "2839"]
[TimeControl "180+2"]
[EndTime "14:40:11 PST"]
[Termination "Game drawn - insufficient material"]

1. e4 c5 2. c3 e6 3. d4 d5 4.
exd5 exd5 5. Nf3 a6 6. Be3 cxd4 7. Nxd4 Nf6 8. Bd3 Bd6 9. h3 O-O 10. O-O Nc6 11. Nd2 Re8 12. Re1 Ne5 13. Bf1 h6 14. Bf4 Ng6 15. Rxe8+ Nxe8 16. Bxd6 Qxd6 17. Qf3 Nf6 18.
Re1 Bd7 19. Bd3 Nh4 20. Qg3 Qxg3 21. fxg3 Ng6 22. Bxg6 fxg6 23. g4 g5 24. Re5 Kf8 25. Nf1 Re8 26. Rxe8+ Kxe8 27. Ne3 g6 28. Nf3 Ke7 29. Kf2 Ne4+ 30. Ke1 Kd6 31. Nd2 Nc5 32. Ke2 Bb5+ 33. Kf3 Bc6 34. Kg3 Nd3 35. b4 Nc1 36. c4 dxc4 37. Ndxc4+ Ke6 38. a3 Ne2+ 39. Kf2 Nf4 40.
Na5 Be4 41. Nb3 b6 42. Nd2 Bd5 43. Kg3 Ne2+ 44. Kf2 Nf4 45. Kg3 Ke5 46. Nxd5 Kxd5 47. h4 Ne2+ 48. Kf2 Nd4 49. hxg5 hxg5 50. a4 Nc2 51. b5 axb5 52. axb5 Nd4 53. Ke3 Nxb5 54. Ne4 Nd6 55. Nxg5 Kc4 56. Kd2 Kd4 57. Nf3+ Ke4 58. g5 Kf4 59. Kc3 Kg3 60. Ne5 Kxg2 61. Kd3 Kg3 62.
Nxg6 Kg4 63. Ne5+ Kxg5 64. Nd7 b5 65. Kc3 Kf5 66. Kb4 Ke6 67. Nc5+ Kd5 68. Nb3 Kc6 69.
Nd4+ Kd5 70. Nxb5 Nxb5 1/2-1/2

[Event "*** Titled Tuesday Blitz"]
[Site "Chess.com"]
[Date "2018.12.04"]
[Round "7"]
[White "mazetofonias"]
[Black "abubakrtagelsir"]
[Result "1-0"]
[WhiteElo "2562"]
[BlackElo "2290"]
[TimeControl "180+2"]
[EndTime "14:40:15 PST"]
[Termination "mazetofonias won by checkmate"]

1. e4 d6 2. d4 Nf6 3. Nc3 g6 4. Bg5 Bg7 5. Qd2 h6 6. Bh4 c6 7. O-O-O b5 8. Bd3 e5 9. dxe5 dxe5 10. f4 Qa5 11. fxe5 Ng4 12. Nf3 O-O 13. a3 b4 14. Na2 Nxe5 15. Nxb4 Bg4 16. Rhf1 Nbd7 17.
Bg3 Rab8 18. Rde1 c5 19. Nd5 Nxd3+ 20. cxd3 Bxb2+ 21. Kd1 Qxa3 22. Bxb8 Rxb8 23. Ke2 Bd4 24. Rb1 Rd8 25. Qxh6 c4 26. dxc4 Bg7 27. Qg5 Qa2+ 28. Qd2 Qxc4+ 29. Qd3 Qa2+ 30. Qd2 Qa4 31. Kf2 Qxe4 32.
Rbe1 Qa4 33. Kg1 Bxf3 34. Rxf3 Qd4+ 35. Qxd4 Bxd4+ 36. Kf1 Ne5 37. Ne7+ Kg7 38. Ra3 Nc4 39. Ra4 Ne3+ 40. Ke2 Nc2 41. Rc1 Ne3 42. Nc6 Bb2 43.
Nxd8 Bxc1 44. Rxa7 Nf5 45. Nxf7 Kf6 46. g4 Nd4+ 47.
Kd3 Nf3 48. h3 Ng1 49. Ke4 Nxh3 50. Nd6 Ng5+ 51. Kd5 Be3 52. Ra6 Kg7 53. Rc6 Bf4 54.
Ne4 Nxe4 55. Kxe4 Bg5 56. Kd5 Bf6 57. Ke6 Bg5 58. Rc7+ Kh6 59. Kf7 Be3 60. Rc6 Kg5 61. Rxg6+ Kh4 62. Kf6 Kg3 63. Kf5 Kh4 64. g5 Kh5 65.
Rh6# 1-0

[Event "*** Titled Tuesday Blitz"]
[Site "Chess.com"]
[Date "2018.12.04"]
[Round "7"]
[White "Anar_Aliakbarov"]
[Black "AquivaRubinstein"]
[Result "1-0"]
[WhiteElo "2562"]
[BlackElo "2408"]
[TimeControl "180+2"]
[EndTime "14:40:29 PST"]
[Termination "Anar_Aliakbarov won by resignation"]

1. d4 Nf6 2. c4 c5 3. d5 b5 4. cxb5 a6 5. Nc3 e6 6. e4 axb5 7. Bxb5 Qa5 8. Ne2 Nxe4 9. O-O Nxc3 10. Nxc3 Be7 11. a4 O-O 12. Qg4 Qb4 13. Qg3 d6 14. Re1 Ba6 15. Re4 Qb3 16. Bh6 g6 17. Bxf8 Bxf8 18.
dxe6 Bxb5 19. Nxb5 Qxb5 20. e7 Bxe7 21. Rxe7 Nc6 22.
Ree1 Rxa4 23. Rxa4 Qxa4 24. Qxd6 Nd4 25. Qxc5 Ne6 26.
Qe3 Qb4 27. b3 h5 28. h3 Kg7 29. Rc1 Kh7 30. Qc3 Qf4 31. Qe3 Qb4 32. Rc4 Qb5 33. Qf3 Kg8 34. Rc8+ Kg7 35. Rc1 Kg8 36. Rd1 Qb4 37. Qd3 Qf4 38. Qc4 Qe5 39. b4 Nf4 40.
Qd4 Qe2 41. Rd2 Qe1+ 42. Kh2 Ne2 43. Qd8+ Kh7 44. Rxe2 Qxe2 45. Qf6 Kg8 46. g3 Qb5 47. Qf4 Kg7 48. h4 Kg8 49. Qd4 Kh7 50. Qc5 Qd7 51. b5 Qb7 52. b6 Kg8 53. Qc7 Qf3 54. Qf4 Qb7 55. Qe3 Kh7 56. Kg1 Qc6 57. Qb3 Qc1+ 58. Kh2 Qc5 59. Kg2 Qc6+ 60. Kh2 Qb7 61. Qb4 Kg8 62. Qc5 Qf3 63. Qe3 Qb7 64. Kg1 Kh7 65.
Qc5 Kg8 66. Qc7 Qf3 67. b7 Qd1+ 68. Kg2 Qd5+ 69. Kh2 Qd4 70. b8=Q+ Kh7 71. Qf4 1-0

[Event "*** Titled Tuesday Blitz"]
[Site "Chess.com"]
[Date "2018.12.04"]
[Round "7"]
[White "LonesomeGeorge1"]
[Black "Evgeny81"]
[Result "1/2-1/2"]
[WhiteElo "2433"]
[BlackElo "2598"]
[TimeControl "180+2"]
[EndTime "14:40:34 PST"]
[Termination "Game drawn by stalemate"]

1. d4 d5 2. Bf4 Nf6 3. e3 c6 4. Nf3 Bg4 5. Nbd2 e6 6. Bd3 Nbd7 7. O-O Be7 8. h3 Bh5 9. c3 Bg6 10. Bxg6 hxg6 11. Qe2 Ne4 12. Nxe4 dxe4 13. Nd2 g5 14.
Bg3 Nf6 15. f3 exf3 16. Qxf3 Bd6 17. e4 Bxg3 18. Qxg3 Nh5 19. Qg4 Nf4 20. e5 Rh4 21. Qf3 Qd5 22. Qxd5 cxd5 23. Nf3 Rh5 24. Nxg5 Ne2+ 25.
Kf2 Rxg5 26. Kxe2 Rxg2+ 27. Rf2 Rxf2+ 28. Kxf2 Ke7 29. Rg1 g6 30. Kg3 b5 31. a3 a5 32.
Ra1 Rc8 33. Kf4 Rc4 34. Ke3 Rc8 35. a4 bxa4 36. Rxa4 Rh8 37. Rxa5 Rxh3+ 38. Kf4 Rh2 39. Ra7+ Kf8 40. b4 Rc2 41. Rc7 Kg7 42. Rc8 Rb2 43.
Rb8 Rb3 44. Rc8 Kh6 45. Rh8+ Kg7 46. Rc8 Rb2 47. Rb8 f5 48. exf6+ Kxf6 49. b5 g5+ 50. Kg4 Rg2+ 51. Kf3 Rc2 52. b6 Rxc3+ 53. Kg4 Rb3 54. b7 Kg7 55. Kxg5 Rb4 56. Kh5 Rb1 57. Kg4 Rb4 58. Kf3 Kh7 59. Ke3 Kg7 60. Kd3 Kh7 61.
Kc3 Rb1 62. Kd3 Kg7 63. Ke3 Rb4 64. Kf3 Kh7 65. Re8 Rxb7 66. Rxe6 Kg7 67. Rd6 Rb5 68. Kf4 Kf7 69. Ke5 Ke7 70. Rxd5 Rxd5+ 71. Kxd5 Kd7 72. Kc5 Kc7 73. d5 Kd7 74. d6 Kd8 75. Kc6 Kc8 76.
d7+ Kd8 77. Kd6 1/2-1/2

[Event "*** Titled Tuesday Blitz"]
[Site "Chess.com"]
[Date "2018.12.04"]
[Round "7"]
[White "dretch"]
[Black "Korchmar_Vasiliy"]
[Result "0-1"]
[WhiteElo "2809"]
[BlackElo "2763"]
[TimeControl "180+2"]
[EndTime "14:40:36 PST"]
[Termination "Korchmar_Vasiliy won by resignation"]

1. d4 Nf6 2. c4 g6 3. Nc3 d5 4.
Bf4 Bg7 5. e3 O-O 6. Rc1 Be6 7. c5 Nh5 8. Bg5 b6 9. Na4 Nd7 10. Be2 Nhf6 11. c6 Nb8 12. Nf3 h6 13. Bf4 Nh5 14. Be5 f6 15. Bg3 Nxg3 16. hxg3 Bf7 17. b4 Qd6 18. b5 a6 19. O-O axb5 20.
Bxb5 Ra5 21. Qb3 Na6 22. Rb1 g5 23. Rfc1 Bg6 24. Rb2 Kh8 25. Ne1 e5 26. Nd3 e4 27.
Bxa6 Rxa6 28. Nb4 Raa8 29. Nc3 Ra5 30. a4 Bf7 31. Nb5 Qd8 32. Ra2 Be6 33. Raa1 f5 34. Ra3 f4 35. exf4 gxf4 36. gxf4 Rxf4 37. Qg3 Rf7 38. Nc2 Bf6 39. Ne3 Rg7 40. Qh2 Bg5 41.
Rcc3 Qf8 42. Nf1 Bf4 43. Ng3 Qf6 44. Qh5 Ra8 45. Qe2 Rag8 46. Rab3 Bf7 47. Qd1 h5 48.
Kf1 Qg5 49. Qe2 h4 50. Ke1 hxg3 51. fxg3 Bd6 52. Nxd6 cxd6 53. c7 Be6 54. Rxb6 Rh7 55. Kd1 Rh1+ 56. Kc2 Rc1+ 57. Kb2 Rxc3 58. Kxc3 Qc1+ 59.
Qc2 Qe3+ 60. Kb2 Qxd4+ 61. Qc3 Qxc3+ 62. Kxc3 Rc8 63. Rb8 Kg7 64. Rxc8 Bxc8 65. Kd4 Kf7 66. a5 Ke7 67. g4 Kd7 68. g5 Kxc7 69. g6 Be6 70.
Ke3 Kb7 71. Kf4 Ka6 72. Kg5 e3 73. Kf6 Bg8 74. Kg7 e2 75. Kxg8 e1=Q 76. g7 d4 77. Kf7 Qf2+ 78. Ke6 Qxg2 0-1

[Event "*** Titled Tuesday Blitz"]
[Site "Chess.com"]
[Date "2018.12.04"]
[Round "7"]
[White "dyziotomi99"]
[Black "DeviatkinAndrey"]
[Result "1/2-1/2"]
[WhiteElo "2635"]
[BlackElo "2675"]
[TimeControl "180+2"]
[EndTime "14:40:40 PST"]
[Termination "Game drawn by repetition"]

1. e4 c6 2. d4 d5 3. Nd2 h6 4. Ngf3 dxe4 5. Nxe4 Bf5 6. Nc5 Qc7 7. Bd3 Bxd3 8.
Nxd3 Nd7 9. O-O e6 10. Bf4 Bd6 11.
Bxd6 Qxd6 12. c4 Ngf6 13. Qb3 Qc7 14. Qa3 Nb6 15. b3 Qe7 16. Qxe7+ Kxe7 17. Nc5 Rab8 18.
Rfe1 Rhd8 19. Rad1 Kf8 20. g3 Nc8 21. Kg2 Ne7 22.
h3 b6 23. Nd3 Rd6 24. Nde5 Rbd8 25. Rc1 c5 26. dxc5 bxc5 27. g4 Ne8 28. Ng1 f6 29. Nef3 e5 30. Ne2 Nc7 31. Nc3 Ne6 32. Ne4 Rd3 33. Re3 R3d7 34. Ng1 Nc6 35. Ne2 Ncd4 36.
N2c3 Nf4+ 37. Kh2 Nde6 38. Na4 Kf7 39. Rc2 Rc8 40. Rd2 Ke7 41. Rxd7+ Kxd7 42. Re1 Ke7 43. Rd1 Rc6 44. h4 h5 45. f3 hxg4 46. fxg4 g6 47.
g5 f5 48. Nf6 Nd4 49. Nc3 Rd6 50. Ncd5+ Nxd5 51. Nxd5+ Ke6 52. Kg3 a5 53. Re1 Nc6 54. Nf4+ Kf7 55. Nd5 e4 56. Kf4 Nb4 57. Rd1 Nxa2 58.
Ra1 Nb4 59. Rxa5 Nxd5+ 60. cxd5 Rxd5 61. Ra7+ Ke6 62. Rg7 Rd4 63. Rxg6+ Ke7 64. Rf6 e3+ 65. Kxe3 Rxh4 66. Rxf5 Rb4 67. Rxc5 Rxb3+ 68. Kf4 Kf7 69.
Kf5 Rb8 70. Rc7+ Kg8 71. Rc6 Ra8 72. Kg6 Rb8 73. Kh6 Ra8 74. Rg6+ Kh8 75. Rf6 Kg8 76. g6 Rb8 77. Rf7 Ra8 78. Rg7+ Kh8 79. Rh7+ Kg8 80. Rg7+ Kh8 81. Rh7+ Kg8 82. Rg7+ Kh8 83.
Rh7+ Kg8 84. Rg7+ Kh8 85. Rh7+ Kg8 86. Rg7+ 1/2-1/2

[Event "*** Titled Tuesday Blitz"]
[Site "Chess.com"]
[Date "2018.12.04"]
[Round "7"]
[White "MaestroASK"]
[Black "LastGladiator1"]
[Result "0-1"]
[WhiteElo "2517"]
[BlackElo "2688"]
[TimeControl "180+2"]
[EndTime "14:40:52 PST"]
[Termination "LastGladiator1 won by resignation"]

1. g3 Nf6 2. Bg2 d5 3. d3 Bf5 4. Nd2 e6 5. e4 Bg6 6. Nh3 Be7 7. Qe2 Nc6 8. c3 Bh5 9. f3 dxe4 10. dxe4 Ne5 11.
Nf4 O-O 12. Nc4 Nxc4 13. Qxc4 Bg6 14. O-O c6 15. Be3 Qa5 16. Rfe1 Rfd8 17. Bf1 Rd7 18. Qb3 Bc5 19. Nd3 Bxe3+ 20. Rxe3 Rad8 21. Nf2 Qc5 22. Rae1 b5 23. Kg2 a5 24. Rd3 a4 25. Qc2 Rxd3 26. Nxd3 Qb6 27. Qf2 Qxf2+ 28. Kxf2 Nd7 29. Be2 Kf8 30.
Nb4 Nb8 31. Rd1 Rxd1 32. Bxd1 Ke7 33. c4 Kd6 34. cxb5 cxb5 35. Ke3 Kc5 36. Nd3+ Kd6 37. Be2 Nc6 38. Nf4 Kc5 39. Nd3+ Kb6 40. h4 f6 41. f4 Bf7 42. e5 Na5 43. Kd4 Nc6+ 44. Ke3 Bg6 45. exf6 gxf6 46. Nf2 Nb4 47. a3 Nc2+ 48. Kd2 Nd4 49. Bd1 Bf5 50. g4 Bb1 51. Ke3 Kc5 52. h5 h6 53. Ne4+ Bxe4 54. Kxe4 Nc6 55.
g5 fxg5 56. fxg5 hxg5 57. h6 Ne7 58. Bh5 Ng8 59. Bf7 Nxh6 60. Bxe6 Kd6 61. Bc8 Nf7 62. Kf5 Kc5 63. Be6 Nd6+ 64. Kxg5 Nc4 65. Kf4 Nxb2 66. Ke3 Nc4+ 67. Kd3 Nxa3 68. Kc3 b4+ 69. Kb2 Nc4+ 70. Ka2 Kd4 71. Ka1 b3 72. Bf5 a3 73.
Bb1 Kc3 74. Bf5 Ne3 75. Be4 Nc2+ 76. Bxc2 bxc2 0-1

[Event "*** Titled Tuesday Blitz"]
[Site "Chess.com"]
[Date "2018.12.04"]
[Round "7"]
[White "aquaticpineapples"]
[Black "realcontender"]
[Result "0-1"]
[WhiteElo "2039"]
[BlackElo "2113"]
[TimeControl "180+2"]
[EndTime "14:41:12 PST"]
[Termination "realcontender won by checkmate"]

1. d4 d5 2. Nf3 Nf6 3. e3 c6 4. b3 Bf5 5. Bb2 e6 6. Bd3 Bxd3 7.
Qxd3 Nbd7 8. O-O Bd6 9. Nbd2 Qe7 10. e4 dxe4 11. Nxe4 Nxe4 12. Qxe4 Nf6 13. Qh4 Nd5 14. Qg4 Qf6 15. c4 Nf4 16. Rab1 h5 17. Qg5 Qxg5 18. Nxg5 h4 19. Ne4 Be7 20. g3 hxg3 21.
hxg3 Nd3 22. Bc3 f5 23. Nc5 Nxc5 24. dxc5 Kf7 25. Rbd1 Rad8 26. Ba5 Rxd1 27. Rxd1 Ke8 28. Bc3 Rh7 29. b4 g5 30. Kg2 g4 31. Be5 Bf8 32.
Bf6 Rd7 33. Rxd7 Kxd7 34. Kf1 Bh6 35. Ke2 Bc1 36. Kd3 Ba3 37. Bc3 e5 38. Kc2 a5 39.
Kb3 Bxb4 40. Bxe5 Bxc5 41. Ka4 b6 42. Bf4 Bxf2 43. Kb3 Bc5 44. Kc3 Ke6 45. Kd3 Bd6 46. Be3 b5 47. cxb5 cxb5 48. Bf2 Kd5 49. Be1 a4 50. Kc3 b4+ 51. Kd3 Bc5 52. Bd2 Bd6 53. Be1 a3 54. Kc2 Kc4 55. Bf2 Bc5 56. Be1 Be3 57.
Kb1 Bd4 58. Kc2 Bc3 59. Bf2 Bb2 60. Bb6 Bd4 61. Bc7 b3+ 62. axb3+ Kb4 63. Bd6+ Bc5 64. Be5 Bf2 65. Bf4 Bd4 66. Bd6+ Kb5 67. Bxa3 Be5 68. Kd3 Bxg3 69. Be7 Be5 70. Ke3 Kc6 71. Kd3 Kd5 72.
Bf8 f4 73. Bb4 f3 74. Ke3 Bd4+ 75. Kd2 g3 76. Ke1 g2 77. Be7 g1=Q+ 78. Kd2 Qe3+ 79.
Kc2 Qxe7 80. b4 f2 81. Kd3 Qe3+ 82. Kc2 Qc3+ 83. Kb1 f1=Q+ 84. Ka2 Qfa1# 0-1

[Event "*** Titled Tuesday Blitz"]
[Site "Chess.com"]
[Date "2018.12.04"]
[Round "7"]
[White "Fighterman91"]
[Black "Winehouse83"]
[Result "1/2-1/2"]
[WhiteElo "2596"]
[BlackElo "2448"]
[TimeControl "180+2"]
[EndTime "14:41:22 PST"]
[Termination "Game drawn by repetition"]

1. d4 Nf6 2. Bf4 g6 3. Nc3 d5 4. e3 Bg7 5. h4 h6 6. Nb5 Na6 7. Nf3 c6 8. Nc3 Qa5 9. Ne5 Ne4 10. Bxa6 Nxc3 11. Qd2 Qxa6 12. Qxc3 O-O 13. f3 Kh7 14. Nd3 Bf5 15. Nc5 Qb6 16. g4 Bc8 17. a4 a5 18.
O-O-O Qb4 19. Qxb4 axb4 20. b3 b5 21. axb5 cxb5 22.
Kb2 f6 23. Ra1 Rxa1 24. Rxa1 e5 25. Bg3 g5 26. hxg5 hxg5 27. Ra7 exd4 28. exd4 Kg6 29. Bd6 Rd8 30. Bc7 Re8 31. Nd3 f5 32. Ne5+ Bxe5 33. Bxe5 fxg4 34. fxg4 Bxg4 35. Rg7+ Kh6 36. Rb7 Rc8 37.
Rxb5 Bf5 38. Rc5 Rxc5 39. dxc5 Bd7 40. Kc1 Kg6 41. Kd2 Kf5 42. Bc7 Ke4 43. Ba5 g4 44.
Bc7 Bb5 45. Bd6 Kf3 46. Ke1 g3 47. c6 g2 48. Bc5 Bxc6 49. Kd2 Bb5 50. Bg1 Ke4 51.
Bf2 Be8 52. Bg1 Bg6 53. Bh2 Kf3 54. Bg1 Bf5 55. Bc5 Kg3 56. Bg1 Kf3 57. Bc5 Ke4 58. c3 bxc3+ 59. Kxc3 Bd7 60. b4 Bb5 61. Bg1 Bc4 62. Kd2 d4 63. Bf2 Kd5 64. Bg1 Bb5 65.
Bf2 Kc4 66. Bg1 d3 67. Bf2 Kxb4 68. Bg1 Kc4 69. Bf2 Kd5 70. Bg1 Ke4 71. Bf2 Kf3 72.
Bg1 Kg3 73. Ke3 Bc4 74. Kd2 Kf3 75. Ke1 Bd5 76. Kd2 Be4 77. Ke1 Kf4 78. Kd2 Ke5 79. Ke1 Kd5 80. Kd2 Kc4 81. Bf2 Kb3 82. Bg1 Kb2 83. Bf2 Kb3 84. Bg1 Kc4 85. Bf2 Kd5 86. Bg1 Ke5 87. Ke1 Kf4 88. Kd2 Kf3 89. Ke1 Kf4 90. Kd2 Kg3 91. Ke1 Kh3 92. Kd2 Kg4 93.
Ke1 Kf4 94. Kd2 Bf5 95. Ke1 Ke4 96. Kd2 Bg4 97. Ke1 Be2 98. Kd2 Bf1 99. Ke1 Kd5 100. Kd2 Kc4 101. Bf2 Kb3 102. Bg1 Kc4 103. Bf2 Kd5 104. Bg1 Ke4 105. Ke1 Kf3 106. Kd2 Kf4 107. Ke1 Ke4 108. Kd2 Kd5 109. Ke1 Kc4 110. Kd2 Kd5 111. Bf2 Ke4 112. Bg1 Kf3 113. Ke1 Kg4 114. Kd2 Kf3 115. Ke1 Kg4 116. Kd2 Kf3 117. Bc5 Kg4 118. Be3 Kf3 119. Bd4 Kg4 120.
Bc5 Kf3 121. Bb6 Kg4 122. Ba7 Kf3 123. Bb6 Kg4 124. Bg1 Kf3 125. Ke1 Kg4 126. Kd2 Kf3 1/2-1/2

[Event "*** Titled Tuesday Blitz"]
[Site "Chess.com"]
[Date "2018.12.04"]
[Round "7"]
[White "Zq1"]
[Black "ChainsOfFantasia"]
[Result "1/2-1/2"]
[WhiteElo "2497"]
[BlackElo "2390"]
[TimeControl "180+2"]
[EndTime "14:41:49 PST"]
[Termination "Game drawn by repetition"]

1. d4 Nf6 2. c4 e6 3. g3 d5 4. Bg2 Be7 5. Nf3 O-O 6. Nc3 c6 7.
O-O b6 8. b3 Nbd7 9. Qd3 Ba6 10. e4 dxc4 11. bxc4 e5 12. dxe5 Ng4 13. Bf4 g5 14.
Rfd1 gxf4 15. Qxd7 Qxd7 16. Rxd7 Bb4 17. Rc1 fxg3 18.
hxg3 Bxc4 19. Bh3 Be6 20. Rc7 Bc5 21. Bxg4 Bxg4 22. Nh4 Rad8 23. Rc2 Rd3 24. Kg2 Rfd8 25. Na4 Bd4 26. R7xc6 Bxe5 27. Nc3 Bd7 28. Nd5 Bxc6 29. Rxc6 Rd2 30. a4 Bd4 31. Nf5 Bxf2 32. Kh3 Bd4 33. Rc7 Bg7 34. Rxa7 Re2 35. Nde7+ Kf8 36. Nc6 Re8 37.
Nd6 R2xe4 38. Nxe4 Rxe4 39. Ra8+ Re8 40. Ra6 Re6 41.
Rxb6 Be5 42. a5 Bc7 43. Ra6 Kg7 44. Kg4 Bxa5 45. Rxa5 Rxc6 46. Kh3 f6 47. Rb5 Kg6 48. Ra5 Re6 49. Rb5 Re5 50. Rb2 Rd5 51. Kg2 Kg5 52. Ra2 h5 53. Rb2 Rc5 54. Rb4 Re5 55.
Kf3 Kf5 56. Rf4+ Kg6 57. Ra4 Rb5 58. Rc4 Rb3+ 59. Kf4 Ra3 60. Rb4 Ra1 61. Kf3 Rf1+ 62. Kg2 Rc1 63. Kh3 Rc3 64. Ra4 Re3 65. Rb4 Kf5 66. Rf4+ Kg5 67. Ra4 f5 68. Kg2 Re2+ 69. Kf3 Re4 70. Ra8 Re6 71. Rg8+ Rg6 72. Ra8 Rb6 73.
Rg8+ Kf6 74. Rf8+ Kg6 75. Rg8+ Kh7 76. Rg5 Rb3+ 77. Kg2 Kh6 78. Rxf5 Rb2+ 79. Kh3 Rb1 80. Ra5 Rh1+ 81. Kg2 Rc1 82. Kf3 Rc3+ 83. Kf4 Rc4+ 84.
Kf3 Rc3+ 85. Kg2 Rc2+ 86. Kh3 Rc1 87. Ra4 Rh1+ 88. Kg2 Rc1 89. Kf3 Rc3+ 90. Kf4 Rc6 91. Ra5 Rf6+ 92. Rf5 Rb6 93. Re5 Rb4+ 94. Kf3 Rb3+ 95.
Kg2 Rb2+ 96. Kh3 Rb1 97. Re6+ Kg5 98. Re5+ Kg6 99. Ra5 Rb2 100. Rc5 Ra2 101. Rc4 Rb2 102. Rc6+ Kg5 103. Rc5+ Kg6 104. Rc6+ Kg5 105. Rc5+ Kg6 106. Rc6+ Kg5 1/2-1/2

[Event "*** Titled Tuesday Blitz"]
[Site "Chess.com"]
[Date "2018.12.04"]
[Round "7"]
[White "chessking2151"]
[Black "Kimster98"]
[Result "0-1"]
[WhiteElo "2549"]
[BlackElo "2571"]
[TimeControl "180+2"]
[EndTime "14:41:58 PST"]
[Termination "Kimster98 won by resignation"]

1. e4 d5 2. exd5 Qxd5 3. Nc3 Qd6 4. d4 Nf6 5. Nf3 c6 6. g3 Bg4 7. Bg2 e6 8. O-O Nbd7 9. h3 Bxf3 10. Bxf3 Qc7 11.
Ne2 Bd6 12. c4 e5 13. Bg2 O-O 14. Be3 exd4 15. Nxd4 Rad8 16. Qc2 Bc5 17. Rad1 Ne5 18. Ne6 fxe6 19. Bxc5 Rxd1 20. Rxd1 Rd8 21. Rxd8+ Qxd8 22. Qe2 Nfd7 23. Bd4 Qa5 24. f4 Nf7 25. Qxe6 Qd8 26. Bc3 Nf6 27. g4 Qd7 28. Qe3 b6 29. f5 c5 30. g5 Ne8 31. g6 hxg6 32. fxg6 Nfd6 33. Bd5+ Kf8 34. Be6 Qe7 35. Qf4+ Nf6 36. Bxf6 gxf6 37. Bd5 Kg7 38. Kf2 Kxg6 39. Qg4+ Kh6 40.
Qf4+ Kg6 41. h4 Qe5 42. Qxe5 fxe5 43. Ke3 Kf6 44. Kf3 Kf5 45. h5 e4+ 46. Ke2 Kg5 47.
Ke3 Kxh5 48. b3 Kg5 49. Bxe4 Kf6 50. Kf4 Nf7 51. Bd5 Ne5 52. Ke4 Ng4 53. Bb7 Ke7 54. Bc8 Nf2+ 55. Ke3 Nd1+ 56. Kd2 Nf2 57. Ke2 Ne4 58.
Ke3 Nd6 59. Ba6 Ke6 60. Kf4 Kf6 61. a3 Ke6 62. Ke3 Ke5 63. Kd3 Kf4 64. b4 Nf7 65.
Bb5 Ne5+ 66. Kc3 Ke3 67. a4 a5 68. bxa5 bxa5 69. Ba6 Nc6 70. Bb5 Nd4 71. Ba6 Ne2+ 72. Kc2 Kd4 73. Kd2 Nf4 74. Bb5 Nd3 75. Kc2 Ne5 76.
Kb3 Nf3 77. Kc2 Ne5 78. Kb3 Kd3 79. Kb2 Kd2 80. Kb3 Nf3 81. Kb2 Kd3 82. Ba6 Nd2 83. Bb5 Kd4 84. Kc2 Nxc4 85. Kb3 Ne3 86. Kb2 c4 87. Kc1 Kc3 88. Ba6 Kb3 89. Kd2 Nd5 90.
Bb5 c3+ 91. Kc1 Nb6 92. Be8 Nxa4 93. Bf7+ Kb4 94. Kc2 Nb6 95. Ba2 Nc4 96. Kd3 Na3 97. Bg8 Nb5 98. Kc2 a4 99. Ba2 Nd4+ 100. Kc1 Ka3 101. Bg8 Kb4 102. Bd5 Kc5 103. Be4 a3 104.
Bb1 Kb4 105. Ba2 Kc5 106. Bb1 Kc4 107. Bh7 Kb4 108. Bg8 Nb3+ 109. Kb1 c2+ 110. Kxc2 a2 111. Bxb3 a1=Q 0-1

[Event "*** Titled Tuesday Blitz"]
[Site "Chess.com"]
[Date "2018.12.04"]
[Round "7"]
[White "vinniethepooh"]
[Black "Chessialist"]
[Result "1/2-1/2"]
[WhiteElo "2407"]
[BlackElo "2469"]
[TimeControl "180+2"]
[EndTime "14:42:30 PST"]
[Termination "Game drawn by stalemate"]

1. d4 Nf6 2. c4 e5 3. dxe5 Ng4 4. Nf3 Bc5 5. e3 Nc6 6. Nc3 Ngxe5 7. Nxe5 Nxe5 8. Be2 O-O 9. b3 a5 10. Ne4 Be7 11.
Bb2 d6 12. O-O Re8 13. Qd2 Bf8 14. Ng3 Qh4 15. Qd4 Qxd4 16. Bxd4 Nc6 17. Bc3 Be6 18. Rfd1 Rad8 19. Rd2 d5 20. cxd5 Rxd5 21. Rad1 Rxd2 22. Rxd2 Bb4 23. Bxb4 axb4 24. Bb5 Rd8 25. Ne4 Rxd2 26. Nxd2 Ne7 27. e4 f5 28. f3 fxe4 29. fxe4 c5 30. Kf2 Kf7 31. Ke3 Ng6 32. Bc4 Kf6 33.
Be2 Ne5 34. Nf3 g5 35. Ne1 b6 36. Nc2 Bg4 37. h3 Be6 38. Kd2 Ng6 39. Ke3 Nf4 40. Bf1 h5 41. Ne1 h4 42. Nf3 Ng6 43.
Nd2 Ne5 44. Be2 Nc6 45. Nf3 Bf7 46. Bb5 Ne5 47. Nd2 Bh5 48. Be2 Bxe2 49. Kxe2 Nc6 50. Nc4 b5 51. Nd6 Nd4+ 52. Ke3 Ke7 53. Nb7 Ne6 54.
e5 Kd7 55. Nd6 Kc6 56. Ke4 Nd4 57. Nf7 Ne2 58. Nxg5 Nc3+ 59. Kf5 Nxa2 60. e6 Kd6 61.
Kf6 Nc3 62. Nf7+ Kc6 63. Ne5+ Kd6 64. Nf7+ Kc7 65. Ke5 Kc6 66. Nd8+ Kc7 67. Nf7 c4 68. Nd6 Kd8 69. bxc4 b3 70. Kf6 b2 71. e7+ Kc7 72.
e8=Q b1=Q 73. Nxb5+ Nxb5 74. Qxb5 Qf1+ 75. Qf5 Qxc4 76.
Kg6 Qg8+ 77. Kh5 Qxg2 78. Kxh4 Kd6 79. Qg4 Qf2+ 80. Kg5 Ke7 81. h4 Kf7 82. Qh5+ Kg7 83. Qg6+ Kh8 84. Qe8+ Kg7 85. Qe7+ Qf7 86. Qe5+ Kh7 87.
Qe4+ Kg7 88. h5 Qf6+ 89. Kg4 Kh6 90. Qe3+ Kh7 91. Qa7+ Kh6 92. Qe3+ Kh7 93. Qd3+ Kh6 94. Qd2+ Kh7 95. Qe3 Qg7+ 96. Kf5 Qf7+ 97. Kg5 Qg7+ 98. Kh4 Qf6+ 99. Qg5 Qxg5+ 100. Kxg5 Kg7 101. h6+ Kh8 102. Kh5 Kg8 103. Kg6 Kh8 104. h7 1/2-1/2

[Event "*** Titled Tuesday Blitz"]
[Site "Chess.com"]
[Date "2018.12.04"]
[Round "7"]
[White "BlackBoarder"]
[Black "volcanoexplorer"]
[Result "1/2-1/2"]
[WhiteElo "2492"]
[BlackElo "2400"]
[TimeControl "180+2"]
[EndTime "14:44:29 PST"]
[Termination "Game drawn - insufficient material"]

1. e4 e5 2. Nf3 Nc6 3. d4 exd4 4.
Bc4 Bc5 5. O-O Nf6 6. e5 d5 7. exf6 dxc4 8. Re1+ Be6 9. Ng5 Qd5 10. Nc3 Qf5 11. Nce4 Bf8 12. g4 Qd5 13. Nxe6 fxe6 14.
Bg5 Ne5 15. f4 Nf7 16. fxg7 Bxg7 17. Bf6 O-O 18. g5 Nd6 19. Bxg7 Kxg7 20. Nf6 Qf5 21. Qh5 Kh8 22. Rxe6 Rf7 23. Rae1 Qxf4 24. g6 Rg8 25. Nxg8 Qf2+ 26. Kh1 Rg7 27. R6e2 Qf6 28. gxh7 Qf7 29. Qxf7 Nxf7 30. Nf6 Rg6 31. Re8+ Kg7 32. Nh5+ Kxh7 33. Nf4 Rf6 34. Nd5 Rf5 35. Nxc7 d3 36. cxd3 cxd3 37. R8e7 Kh6 38. Rd7 Ne5 39. Rxe5 Rxe5 40. Rxd3 Re1+ 41. Kg2 Re2+ 42. Kg3 Rxb2 43. Ra3 a6 44. Rb3 Rxa2 45. Rxb7 Ra3+ 46. Kg2 Ra2+ 47. Kg3 Ra3+ 48. Kf4 Ra4+ 49. Kf5 Ra2 50. Rb6+ Kh5 51. Rb8 Rf2+ 52. Ke4 Kg6 53. Rg8+ Kf7 54. Rh8 Kg7 55. Rh3 a5 56. Ke3 Rc2 57.
Nd5 a4 58. Rg3+ Kf7 59. h4 a3 60. Rg1 Rh2 61. Rf1+ Ke6 62. Nf4+ Ke5 63. h5 a2 64. Rd1 Kf6 65. Rd6+ Kf7 66. Ra6 Rb2 67. Ke4 Kg7 68. Kf5 Kh7 69. Kg5 Rg2+ 70. Kf5 Rb2 71. Ra7+ Kh6 72.
Ra6+ Kh7 73. Nd5 Rb5 74. Ke6 Kh6 75. Nf6 Rb6+ 76. Rxb6 a1=Q 77. Rd6 Kg5 78. Kf7 Qa7+ 79.
Ke6 Qa2+ 80. Rd5+ Kh6 81. Ne4 Qe2 82. Re5 Qg4+ 83. Kd5 Qd7+ 84. Nd6 Qa7 85. Ke6 Qa2+ 86.
Kf6 Qf2+ 87. Ke6 Qa2+ 88. Ke7 Qa7+ 89. Kf6 Qb6 90. Ke6 Qc6 91. Rd5 Qc2 92. Nf7+ Kg7 93.
h6+ Kh7 94. Rg5 Qc4+ 95. Kf6 Qf4+ 96. Rf5 Qd4+ 97. Ke6 Qc4+ 98. Ke7 Qc7+ 99. Ke6 Qc4+ 100. Rd5 Qe4+ 101. Re5 Qc4+ 102. Kf6 Qf4+ 103. Ke6 Qc4+ 104. Ke7 Qc7+ 105. Kf6 Qc6+ 106. Re6 Qf3+ 107. Ke7 Qb7+ 108. Kf8 Qb8+ 109. Ke7 Qb4+ 110. Nd6 Qc5 111. Kd7 Qa5 112. Ke7 Qa7+ 113. Kf8 Qc5 114. Kf7 Qd5 115. Ne8 Qd7+ 116. Kf6 Qd4+ 117. Ke7 Qa7+ 118. Kf8 Qc5+ 119. Kf7 Qf5+ 120. Ke7 Qc5+ 121. Nd6 Qc7+ 122. Ke8 Qc6+ 123. Kf7 Qd7+ 124. Kf6 Qxe6+ 125.
Kxe6 Kxh6 1/2-1/2

[Event "*** Titled Tuesday Blitz"]
[Site "Chess.com"]
[Date "2018.12.04"]
[Round "8"]
[White "matiss90"]
[Black "Fighterman91"]
[Result "0-1"]
[WhiteElo "2423"]
[BlackElo "2600"]
[TimeControl "180+2"]
[EndTime "14:47:15 PST"]
[Termination "Fighterman91 won by resignation"]

1. e4 e5 2. Nf3 Nc6 3. Bb5 Nf6 4. d3 Bc5 5. c3 O-O 6. O-O d6 7. h3 Ne7 8. d4 Bb6 9. dxe5 Nxe4 10. Bd3 d5 11.
Nbd2 Bf5 12. Qe2 Ng3 0-1

[Event "*** Titled Tuesday Blitz"]
[Site "Chess.com"]
[Date "2018.12.04"]
[Round "8"]
[White "chesstatour"]
[Black "Fins0905"]
[Result "0-1"]
[WhiteElo "2091"]
[BlackElo "2637"]
[TimeControl "180+2"]
[EndTime "14:48:22 PST"]
[Termination "Fins0905 won by resignation"]

1. c4 c6 2. d4 d5 3. g3 Nf6 4. Bg2 dxc4 5. e4 e5 6. d5 cxd5 7. exd5 Bg4 8. Qa4+ Nbd7 9. Qxc4 Rc8 10. Qxc8 Qxc8 11. Nc3 Bb4 12. Bd2 Qc4 13. h3 Bh5 14. g4 Bg6 15. Bf1 Bd3 16. b3 Qa6 17. Bg2 O-O 18. Nf3 Rc8 19. Rc1 Ne4 0-1

[Event "*** Titled Tuesday Blitz"]
[Site "Chess.com"]
[Date "2018.12.04"]
[Round "8"]
[White "LazyIM"]
[Black "amiralfio"]
[Result "1-0"]
[WhiteElo "2628"]
[BlackElo "2436"]
[TimeControl "180+2"]
[EndTime "14:48:29 PST"]
[Termination "LazyIM won by resignation"]

1. e4 c5 2. Nf3 e6 3. d4 cxd4 4. Nxd4 Nf6 5. Nc3 Nc6 6. Ndb5 d6 7. Bf4 e5 8. Bg5 a6 9. Na3 b5 10. Bxf6 gxf6 11. Nd5 Bg7 12. Bd3 Ne7 13. Nxe7 Qxe7 14. c4 f5 15. Qf3 Qb7 16. cxb5 d5 17. Qg3 O-O 18. exf5 Kh8 19. Qh4 Qb6 20. f6 e4 21.
fxg7+ Kxg7 22. Qg5+ Kh8 23. Be2 axb5 24. Qxd5 Bb7 25.
Qxb5 Qc7 26. O-O Ba6 27. Qh5 1-0